 Dungeon Crawl Stone Soup version 0.26-a0-540-g8a0c9464d7 (webtiles) character file.

Game seed: 9516297491773689292

723 kimdaebak the Sneak (level 7, 0/47 HPs)
             Began as an Octopode Fighter on Aug 20, 2020.
             Slain by an ice beast (5 damage)
             ... on level 5 of the Dungeon.
             The game lasted 00:09:01 (4666 turns).

kimdaebak the Sneak (Octopode Fighter)              Turns: 4666, Time: 00:09:02

Health: 0/47       AC:  5    Str: 17    XL:     7   Next: 71%
Magic:  0/8        EV: 12    Int: 10    God:
Gold:   173        SH:  9    Dex: 12    Spells: 7/8 levels left

rFire    . . .     SeeInvis .   a - +1 trident
rCold    . . .     Faith    .   b - +0 kite shield
rNeg     . . .     Spirit   +   (helmet restricted)
rPois    .         Reflect  .   i - amulet of guardian spirit
rElec    .         Harm     .   d - +4 ring of protection
rCorr    +                      f - ring of wizardry
MR       .....                  q - ring of resist corrosion
Stlth    ++++......             (no ring)
HPRegen  0.15/turn              (no ring)
MPRegen  0.11/turn              (no ring)
                                (no ring)
                                (no ring)

@: no status effects
A: almost no armour, stealthy swim, amphibious, 8 rings, constrict 8, camouflage
1, gelatinous body 1
a: no special abilities


You were on level 5 of the Dungeon.
You visited 1 branch of the dungeon, and saw 5 of its levels.
You also visited: Sewer.

You collected 173 gold pieces.

Inventory:

Hand Weapons
 a - a +1 trident (weapon)
Missiles
 m - 19 poisoned darts (quivered)
 t - 3 boomerangs
Armour
 b - a +0 kite shield (worn)
Jewellery
 d - a +4 ring of protection (left tentacle)
 f - a ring of wizardry (right tentacle)
 i - an amulet of guardian spirit (around mantle)
 n - an uncursed ring of ice
 q - a ring of resist corrosion (on tentacle)
Wands
 k - a wand of paralysis (17)
 w - a wand of polymorph (10)
Scrolls
 e - 3 scrolls of remove curse
 g - 4 scrolls of teleportation
 h - a scroll of identify
 p - 2 scrolls of fog
 r - 2 scrolls of amnesia
 s - 4 scrolls of enchant weapon
 v - 2 scrolls of immolation
Potions
 c - 2 potions of might
 j - a potion of invisibility
 l - 6 potions of flight
 o - a potion of ambrosia
 u - 2 potions of magic {unknown}


   Skills:
 + Level 3.7 Fighting
 + Level 5.1 Polearms
 + Level 1.1 Throwing
 + Level 4.0 Dodging
 + Level 5.9 Stealth
 + Level 3.7 Shields
 * Level 1.2 Spellcasting
 * Level 1.3 Summonings


You had 7 spell levels left.
You knew the following spells:

 Your Spells              Type           Power        Failure   Level
a - Summon Small Mammal   Summ           #...         32%         1

Your spell library contained the following spells:

 Spells                   Type           Power        Failure   Level
 Animate Skeleton         Necr           #.....       47%         1
 Apportation              Tloc           #.....       47%         1
 Corona                   Hex            #......      47%         1


Dungeon Overview and Level Annotations

Branches:
Dungeon (5/15)              Sewer (visited)
 Temple: D:4-7

Altars:
Makhleb
Sif Muna
Xom
Yredelemnul


Innate Abilities, Weirdness & Mutations

You cannot wear most types of armour.
You are very stealthy in the water. (Stealth+)
You are amphibious.
You can wear up to eight rings at the same time.
You can use your tentacles to constrict eight enemies at once.
Your skin changes colour to match your surroundings (Stealth+).
Your rubbery body absorbs attacks. (AC +1, EV +1)


Message History

The ice beast hits you. The ice beast freezes you!
You hit the ice beast but do no damage.
The ice beast is almost dead.
The ice beast closely misses you.
You hit the ice beast but do no damage.
The ice beast is almost dead.
The ice beast closely misses you.
You barely miss the ice beast.
The ice beast is almost dead.
The ice beast misses you.
You closely miss the ice beast.
The ice beast is almost dead.
The ice beast hits you. The ice beast freezes you!
* * * LOW HITPOINT WARNING * * *
You hit the ice beast but do no damage.
The ice beast is almost dead.
The ice beast hits you.
* * * LOW HITPOINT WARNING * * *
The ice beast freezes you!
You die...

#.# ##.# ##..#
##...## ##.....###
########........##
............†...###
###.Y........#.....##
#...@........###....#
#..........(## ###...
#..........## ###.
#.........(# ##
##.......(.# #
##...###.## ##### ###


You could see an ice beast.

Vanquished Creatures
  2 ogres
  A scorpion (D:5)
  A crimson imp (D:3)
  A jelly (D:4)
  An orc priest (D:3)
  3 orc wizards
  An iguana (D:4)
  2 merfolk sirens (Sewer)
  A merfolk avatar (Sewer)
  10 adders
  A river rat (Sewer)
  An ooze (D:4)
  2 worms
  2 dart slugs
  4 leopard geckos
  12 orcs
  6 ball pythons
  6 giant cockroaches
  7 hobgoblins
  5 jackals
  5 kobolds
  3 quokkas
  14 bats
  9 frilled lizards
  5 goblins
  27 rats
132 creatures vanquished.

Notes
Turn   | Place    | Note
-------+----------+-------------------------------------------
     0 | D:1      | kimdaebak the Octopode Fighter began the quest for the Orb.
     0 | D:1      | Reached XP level 1. HP: 16/16 MP: 1/1
   114 | D:1      | Reached XP level 2. HP: 20/21 MP: 2/2
   840 | D:2      | Reached XP level 3. HP: 26/26 MP: 3/3
  1155 | D:2      | Reached skill level 1 in Stealth
  1554 | D:2      | Reached XP level 4. HP: 31/31 MP: 4/4
  1791 | D:3      | Found a glowing drain.
  1801 | Sewer    | Entered a sewer
  2024 | Sewer    | Reached XP level 5. HP: 36/36 MP: 5/5
  2370 | Sewer    | Noticed a malarious merfolk avatar
  2379 | Sewer    | Reached XP level 6. HP: 41/42 MP: 4/6
  2636 | D:3      | Found a shimmering altar of Xom.
  2637 | D:3      | Found a burning altar of Makhleb.
  2886 | D:3      | Reached skill level 5 in Stealth
  3261 | D:3      | Found a basalt altar of Yredelemnul.
  3630 | D:4      | Noticed a phantom
  3740 | D:4      | Reached XP level 7. HP: 29/46 MP: 5/7
  3980 | D:4      | Learned a level 1 spell: Summon Small Mammal
  4169 | D:4      | Found a shimmering blue altar of Sif Muna.
  4440 | D:4      | Identified Sif Muna's Incunabulum of the Entourage
  4539 | D:5      | Entered Level 5 of the Dungeon
  4567 | D:5      | Reached skill level 5 in Polearms
  4567 | D:5      | Reached skill level 1 in Spellcasting
  4567 | D:5      | Reached skill level 1 in Summonings
  4626 | D:5      | Reached skill level 1 in Throwing
  4666 | D:5      | Slain by an ice beast

Illustrated notes

Levels and vault maps discovered:
D:1:      dpeg_arrival_tiny_j, layout_loops_corners
D:2:      layout_loops_ring
D:3:      layout_basic, lemuel_doored_altar,
          grunt_temple_overflow_champion_of_chaos, cheibrodos_sewer_entry_sluice
D:4:      layout_loops_cross, st_stairs_3, led_sif_book
D:5:      cheibrodos_iron_armory, layout_cave_pods, vehumet_altar_wand_db,
          nicolae_ossuary_entry_giza, okawaru_altar_gauntlet_db

Skill      XL: |  1  2  3  4  5  6  7 |
---------------+----------------------+-----
Stealth        | 2 3 4 5 |  5.9
Polearms       | 3 4 5 |  5.1
Dodging        | 4 |  4.0
Spellcasting   | 1 |  1.2
Summonings     | 1 |  1.3
Throwing       | 1 |  1.1
Fighting       | |  3.7
Shields        | |  3.7

Action                   |  1- 3 |  4- 6 |  7- 9 || total
-------------------------+-------+-------+-------++-------
Melee: Trident           |    87 |   183 |    39 ||   309
       Constrict         |    15 |    35 |     1 ||    51
       Tentacles         |    10 |    28 |     2 ||    40
Throw: Dart              |       |     7 |    28 ||    35
  Use: Scroll            |       |    10 |     1 ||    11
 Stab: Sleeping          |    11 |    29 |     4 ||    44
       Distracted        |       |     2 |       ||     2
Armor: Skin              |    15 |    32 |     8 ||    55
Dodge: Dodged            |    25 |    53 |    11 ||    89
Block: Kite shield       |    23 |    55 |     6 ||    84

Table legend: (Time is in decaauts)
 A = Elapsed time spent in this place.
 B = Non-inter-level travel time spent in this place.
 C = Inter-level travel time spent in this place.
 D = Time resting spent in this place.
 E = Time spent auto-exploring this place.
 F = Levels seen in this place.
 G = Mean time per level.
                   A        B        C        D        E       F      G
               +--------+--------+--------+--------+--------+-----+--------+
         Total |   4731 |   4523 |    208 |    814 |   2758 |   6 |  788.5 |
       Dungeon |   3918 |   3710 |    208 |    593 |   2385 |   5 |  783.6 |
         Sewer |    812 |    812 |      0 |    221 |    373 |   1 |  812.0 |
               +--------+--------+--------+--------+--------+-----+--------+

Top non-repeatable levels by time:
     D:4: 1117 daAuts
     D:3: 1050 daAuts
     D:1: 843 daAuts
   Sewer: 812 daAuts
     D:2: 778 daAuts
     D:5: 130 daAuts
